 Dungeon Crawl Stone Soup version 0.28.0 (webtiles) character file.

Game seed: 8946045781391536327

139958 mdonais the Warrior (level 17, -2/145 HPs)
             Began as a Formicid Ice Elementalist on Feb 5, 2022.
             Was a Believer of Uskayaw.
             Slain by a naga warrior (8 damage)
             ... on level 3 of the Snake Pit on Feb 6, 2022.
             The game lasted 03:00:44 (33606 turns).

mdonais the Warrior (Formicid Ice Elementalist)    Turns: 33606, Time: 03:00:45

Health: -2/145     AC: 47    Str: 23    XL:     17   Next: 90%
Magic:  25/27      EV:  2    Int: 23    God:    Uskayaw [**....]
Gold:   749        SH: 19    Dex: 14    Spells: 19/20 levels left

rFire   + . .      SeeInvis +   j - +4 great mace (protect)
rCold   + . .      Faith    .   d - +1 tower shield {AC+3}
rNeg    + . .      Spirit   .   c - +6 crystal plate armour
rPois   +          Reflect  .   (helmet unavailable)
rElec   +          Harm     .   g - +0 cloak
rCorr   +          Rampage  .   u - +1 pair of gloves
Will    +....                   z - +2 pair of boots "Atyxaur" {Fly Int+3}
Stlth   ..........              r - amulet "Gojisam" {Regen+ Dex+3}
HPRegen 1.14/turn               a - ring "Wyuzxek" {rElec rF+ rC+ rN+ Str+4}
MPRegen 0.20/turn               H - ring "Uduod" {rPois rCorr Int+3}

@: lethally poisoned (-2 -> -19), weakened, under a protective aura, flying,
constricted
A: permanent stasis, dig shafts and tunnels, antennae 3, four strong arms
a: Dig, Shaft Self, Renounce Religion, Stomp, Line Pass


You were on level 3 of the Snake Pit.
You worshipped Uskayaw.
Uskayaw was pleased with you.
You visited 5 branches of the dungeon, and saw 27 of its levels.
You also visited: Bailey and Ice Cave.

You collected 3007 gold pieces.
You spent 2258 gold pieces at shops.

Inventory:

Hand Weapons
 b - the +8 shortbow "Oprunk" {speed, rC+ Int+3}
   (You found it on level 5 of the Lair of Beasts)

   Attacks with this weapon are significantly faster.
   Int:       It affects your intelligence (+3).
   rC:        It protects you from cold.
 j - a +4 great mace of protection (weapon)
   (You took it off a death knight on level 11 of the Dungeon)
Missiles
 i - 629 arrows
 t - 6 boomerangs
 v - 4 javelins
 x - 6 silver javelins (quivered)
 F - a curare-tipped dart
 G - 6 datura-tipped darts
 Z - 7 throwing nets {=!f}
Armour
 c - a +6 crystal plate armour (worn)
   (You took it off an orc warrior in a bailey)
 d - a +1 tower shield of protection (worn)
   (You took it off a vault guard on level 13 of the Dungeon)
 g - a +0 cloak (worn)
   (You found it on level 7 of the Dungeon)
 u - a +1 pair of gloves (worn)
   (You found it in an ice cave)
 z - the +2 pair of boots "Atyxaur" (worn) {Fly Int+3}
   (You found it in a bailey)

   Int:       It affects your intelligence (+3).
   Fly:       It grants you flight.
Jewellery
 a - the ring "Wyuzxek" (left hand) {rElec rF+ rC+ rN+ Str+4}
   (You bought it in a shop on level 2 of the Snake Pit)

   [ring of protection from cold]

   Str:       It affects your strength (+4).
   rF:        It protects you from fire.
   rC:        It protects you from cold.
   rElec:     It insulates you from electricity.
   rN:        It protects you from negative energy.
 f - the ring "Biesulle" {rF+ rC+ Str+6}
   (You acquired it on level 14 of the Dungeon)

   [ring of strength]

   Str:       It affects your strength (+6).
   rF:        It protects you from fire.
   rC:        It protects you from cold.
 n - a ring of ice
   (You took it off a reaper in an ice cave)
 r - the amulet "Gojisam" (around neck) {Regen+ Dex+3}
   (You bought it in a shop on level 7 of the Dungeon)

   [amulet of regeneration]

   Dex:       It affects your dexterity (+3).
   Regen:     It increases your rate of health regeneration.
 w - the amulet "Osmu" {Faith rF+}
   (You found it on level 15 of the Dungeon)

   [amulet of faith]

   It allows you to gain divine favour quickly.
   rF:        It protects you from fire.
 H - the ring "Uduod" (right hand) {rPois rCorr Int+3}
   (You bought it in a shop on level 2 of the Orcish Mines)

   [ring of resist corrosion]

   Int:       It affects your intelligence (+3).
   rPois:     It protects you from poison.
   rCorr:     It protects you from acid and corrosion.
 Y - the ring "Eheul" {AC+4 Str+4 Stlth-}
   (You bought it in a shop on level 7 of the Dungeon)

   [ring of protection]

   AC:        It affects your AC (+4).
   Str:       It affects your strength (+4).
   Stlth:     It makes you less stealthy.
Wands
 h - a wand of mindburst (17)
   (You took it off an orc wizard on level 12 of the Dungeon)
 A - a wand of acid (2)
   (You found it on level 2 of the Snake Pit)
 D - a wand of digging (6)
   (You found it on level 4 of the Lair of Beasts)
 E - a wand of polymorph (19)
   (You found it on level 6 of the Dungeon)
 I - a wand of iceblast (27)
   (You took it off Pikel on level 5 of the Dungeon)
 P - a wand of paralysis (22)
   (You found it on level 9 of the Dungeon)
 V - a wand of flame (75)
   (You took it off Ijyb on level 5 of the Dungeon)
 X - a wand of charming (13)
   (You found it on level 9 of the Dungeon)
Scrolls
 l - a scroll of immolation
 p - 4 scrolls of fog
 y - 4 scrolls of enchant weapon
 L - a scroll of silence
 M - 3 scrolls of magic mapping
 O - 6 scrolls of fear
 T - a scroll of acquirement
 W - a scroll of vulnerability
Potions
 e - 2 potions of invisibility
 m - 2 potions of might
 q - a potion of attraction
 B - a potion of brilliance
 C - 6 potions of heal wounds
 J - 3 potions of magic
 N - 2 potions of resistance
 Q - 8 potions of curing
 S - 4 potions of mutation
Miscellaneous
 U - a phial of floods
   (You found it in a bailey)


   Skills:
 - Level 16.4 Fighting
 - Level 0.1 Short Blades
 + Level 5.8(10.2) Axes
 - Level 12.9(13.4) Maces & Flails
 - Level 4.0 Throwing
 - Level 15.0 Armour
 - Level 4.0 Dodging
 - Level 2.4 Stealth
 - Level 14.0 Shields
 - Level 2.1 Spellcasting
 - Level 4.0 Ice Magic
 - Level 14.0 Invocations
 - Level 8.0 Evocations


You had 19 spell levels left.
You knew the following spells:

 Your Spells              Type           Power      Damage    Failure   Level
a - Freeze                Ice            80%        1d9       94%         1

Your spell library contained the following spells:

 Spells                   Type           Power      Damage    Failure   Level
 Animate Skeleton         Necr           4%         N/A       100%        1
 Apportation              Tloc           4%         N/A       100%        1
 Foxfire                  Conj/Fire      8%         2x1d4     100%        1
 Magic Dart               Conj           8%         1d3       100%        1
 Pain                     Necr           8%         1d4       100%        1
 Slow                     Hex            8%         N/A       100%        1
 Summon Small Mammal      Summ           8%         N/A       100%        1
 Call Imp                 Summ           2%         N/A       100%        2
 Searing Ray              Conj           4%         2d4       100%        2
 Static Discharge         Conj/Air       2%         N/A       100%        2
 Confusing Touch          Hex            2%         N/A       100%        3
 Conjure Flame            Conj/Fire      2%         6-21      100%        3
 Frozen Ramparts          Ice            40%        1d6       100%        3
 Gell's Gravitas          Tloc           2%         N/A       100%        3
 Ignite Poison            Fire/Tmut/Pois 2%         N/A       100%        3
 Inner Flame              Hex/Fire       2%         N/A       100%        3
 Lesser Beckoning         Tloc           2%         N/A       100%        3
 Mephitic Cloud           Conj/Pois/Air  2%         N/A       100%        3
 Ozocubu's Armour         Ice            20%        N/A       100%        3
 Summon Guardian Golem    Hex/Summ       2%         N/A       100%        3
 Teleport Other           Tloc           2%         N/A       100%        3
 Vampiric Draining        Necr           2%         2d6       100%        3
 Dispel Undead            Necr           2%         3d7       100%        4
 Flame Wave               Conj/Fire      2%         2d4       100%        4
 Fulminant Prism          Conj/Hex       1%         3d6       100%        4
 Hailstorm                Conj/Ice       11%        3d5       100%        4
 Ice Form                 Ice/Tmut       11%        N/A       100%        4
 Leda's Liquefaction      Hex/Erth       1%         N/A       100%        4
 Petrify                  Tmut/Erth      2%         N/A       100%        4
 Sticky Flame             Conj/Fire      2%         2d3       100%        4
 Summon Ice Beast         Ice/Summ       11%        N/A       100%        4
 Agony                    Necr           2%         N/A       100%        5
 Excruciating Wounds      Necr           1%         N/A       100%        5
 Fireball                 Conj/Fire      1%         3d3       100%        5
 Freezing Cloud           Conj/Ice/Air   4%         6-21      100%        5
 Iskenderun's Battlesphe  Conj           2%         2d6       100%        5
 Lee's Rapid Deconstruct  Erth           1%         3d5*      100%        5
 Metabolic Englaciation   Hex/Ice        5%         N/A       100%        5
 Conjure Ball Lightning   Conj/Air       1%         3x3d6     100%        6
 Statue Form              Tmut/Erth      1%         N/A       100%        6
 Orb of Destruction       Conj           1%         9d5       100%        7
 Ozocubu's Refrigeration  Ice            10%        4d7       100%        7
 Spellforged Servitor     Conj/Summ      1%         N/A       100%        7


Dungeon Overview and Level Annotations

Branches:
Dungeon (15/15)            Temple (1/1) D:7            Lair (6/6) D:9
  Swamp (0/4) Lair:4        Snake (3/4) Lair:3        Slime (0/5) Lair:6
    Orc (2/2) D:12            Elf (0/3) Orc:2        Vaults (0/5) D:13
 Depths (0/4) D:15         Bailey (visited)           IceCv (visited)

Altars:
Ashenzari
Cheibriados
Dithmenos
Elyvilon
Fedhas
Gozag
Hepliaklqana
Kikubaaqudgha
Makhleb
Nemelex Xobeh
Okawaru
Qazlal
Ru
Sif Muna
Trog
Uskayaw
Vehumet
Wu Jian
Xom
Yredelemnul
Zin
The Shining One
Beogh

Shops:
D:7 =   D:8 *   D:14 (   D:15 =   Orc:1 [   Orc:2 *(?[   Snake:2 ==:

Annotations:
D:1 exclusion: downstairs
Lair:4 exclusion: oklob plant


Innate Abilities, Weirdness & Mutations

You cannot be hasted, slowed, berserked, paralysed or teleported.
You can dig through walls and to a lower floor.
You have a pair of large antennae on your head. (SInv)
Your four strong arms can wield two-handed weapons with a shield.


Message History

A naga comes into view. It is wielding a +0 dire flail.
The naga warrior spits poison at you.
The splash of poison hits you but does no damage.
You resist.
You regained 2 hp, and now have 108/145 hp.
MP restored: 27 The naga sharpshooter no longer looks unusually strong.
You see here a black mamba corpse.
You block the naga warrior's attack. The naga warrior grabs you.
The naga warrior constricts you.
The naga sharpshooter mumbles some strange words.
The naga sharpshooter magically shoots an arrow.
The arrow hits you.
You take 6 damage, and have 106/145 hp.
You bludgeon the naga warrior!!
Your weapon exudes an aura of protection.
The naga warrior is moderately wounded.
The naga warrior hits you but does no damage.
The naga warrior constricts you.
You regained 2 hp, and now have 108/145 hp.
The naga warrior blocks your attack.
The naga warrior is moderately wounded.
You block the naga warrior's attack. The naga warrior constricts you.
You block the naga warrior's attack. The naga warrior constricts you.
The naga warrior blocks your attack.
The naga warrior is moderately wounded.
The salamander no longer looks unusually strong.
You block the naga warrior's attack. The naga warrior constricts you.
You take 2 damage, and have 107/145 hp.
You thump the naga warrior!
The naga warrior is moderately wounded.
The naga warrior roars a battlecry!
The nagas go into a battle-frenzy!
The naga warrior constricts you.
You take 2 damage, and have 105/145 hp.
You thump the naga warrior!
The naga warrior is heavily wounded.
The naga warrior spits poison at you.
The splash of poison hits you but does no damage.
You are poisoned.
You resist. The naga warrior constricts you.
The salamander mystic points at the salamander and mumbles some strange words.
The salamander seems to speed up.
You block the naga warrior's attack. The naga warrior constricts you.
You take 3 damage, and have 102/145 hp.
You bludgeon the naga warrior!!
The naga warrior is severely wounded.
You feel very sick. You block the salamander's attack.
The salamander barely misses you.
The salamander mystic casts a spell at something.
The naga warrior hits you but does no damage.
The naga warrior constricts you.
You take 1 damage, and have 101/145 hp.
The naga warrior blocks your attack.
The naga warrior is severely wounded.
You feel sick. You block the salamander's attack.
The salamander hits you but does no damage.
You are more poisoned.
The naga warrior blocks your attack.
The naga warrior is severely wounded.
You feel very sick. You block the salamander's attack. x2
The naga warrior spits poison at you.
The splash of poison hits you but does no damage.
You resist. The naga warrior constricts you. You block the salamander's attack.
The naga warrior hits you with a +0 trident!
The naga warrior constricts you.
You take 15 damage, and have 86/145 hp.
The naga warrior blocks your attack.
The naga warrior is severely wounded.
You feel very sick. You block the salamander's attack.
The salamander hits you from afar with a +1 glaive of venom!!
You are engulfed in flames.
You resist. You block the salamander's attack.
You take 23 damage, and have 63/145 hp.
You stomp with the beat, sending a shockwave through the revellers around you!
The salamander is moderately wounded.
The naga warrior is almost dead.
You can no longer pass through a line of other dancers.
You feel sick.
The salamander hits you but does no damage.
You are more poisoned.
You block the naga warrior's attack. The naga warrior constricts you.
You block the salamander's attack.
The salamander hits you but does no damage.
You can now pass through a line of other dancers.
You take 1 damage, and have 62/145 hp.
You now have 24/27 mp.
You barely miss the naga warrior.
The naga warrior is almost dead.
You feel very sick.
The naga warrior hits you with a +0 trident.
The naga warrior constricts you. You block the salamander's attack.
The salamander hits you but does no damage.
The naga sharpshooter gestures wildly while chanting.
The naga sharpshooter magically shoots an arrow.
The arrow hits you but does no damage.
The naga warrior hits you with a +0 trident.
The naga warrior constricts you. You block the salamander's attack. x2
You take 7 damage, and have 55/145 hp.
You sock the naga warrior!
Your weapon exudes an aura of protection.
The naga warrior is almost dead.
You feel very sick.
The salamander no longer looks unusually strong.
You block the naga warrior's attack. The naga warrior constricts you.
The salamander completely misses you. You block the salamander's attack.
The salamander hits you but does no damage.
The naga sharpshooter casts a spell.
The naga sharpshooter magically shoots an arrow.
You block the arrow.
The salamander hits you but does no damage. x2
You are more poisoned.
You take 2 damage, and have 53/145 hp.
The naga warrior blocks your attack.
The naga warrior is almost dead.
You feel very sick.
The salamander hits you but does no damage.
The naga sharpshooter spits poison at you.
The splash of poison hits you but does no damage.
You resist.
The salamander hits you but does no damage.
You block the salamander's attack. The naga warrior spits poison at you.
The splash of poison hits you. You resist. The naga warrior constricts you.
The salamander hits you but does no damage.
The naga sharpshooter shoots an arrow.
The arrow hits you but does no damage. You block the salamander's attack.
You take 7 damage, and have 46/145 hp.
You hit the naga warrior.
The naga warrior is almost dead.
You feel very sick.
The naga sharpshooter no longer looks unusually strong.
The salamander is no longer moving quickly.
The salamander hits you from afar with a +1 glaive of venom!
* * * LOW HITPOINT WARNING * * *
You are engulfed in flames!
You resist.
* * * LOW HITPOINT WARNING * * *
The naga warrior roars a battlecry!
The nagas go into a battle-frenzy!
The naga warrior constricts you. You block the salamander's attack.
The naga sharpshooter shoots an arrow.
The arrow hits you.
* * * LOW HITPOINT WARNING * * *
The salamander hits you but does no damage.
The salamander hits you from afar with a +1 glaive of venom!
* * * LOW HITPOINT WARNING * * *
You are engulfed in flames.
You resist.
* * * LOW HITPOINT WARNING * * *
You are lethally poisoned!
The naga warrior hits you with a +0 trident!
You die...

..# #(....##^.#...##.. #.##
#####.##...#.....##... .
#.#####.#...###..........[##
#.
###..##...................###
#..#....................##.###
#................####..###..#
..###...####.?....###..# ##.#
# #†)## ###.NN..##..## .# #
#))# ##..#@†......# ## # ##.##
##.NNN##...#.## # ......#
##..#NN###.####
..###..###..)##.{####
##.....N.##N.# #........)###
#........## #...##..{### #
...{###NN{# ##


You could see a naga warrior (fast, catching breath), a naga sharpshooter (fast,
catching breath), 2 salamander mystics, 3 salamanders and a naga (strong).

Vanquished Creatures
  Rupert (D:12)
  Jorgrun (Snake:1)
  Agnes (Snake:3)
  Kirke (D:13)
  A reaper (IceCv)
  Azrael (D:15)
  Snorg (Lair:4)
  An ettin (D:15)
  A rakshasa (D:12)
  4 vault guards (D:13)
  2 salamander tyrants
  5 catoblepae
  3 naga warriors
  8 hydras
  10 boulder beetles
  The ghost of Rykito the Cleaver, a novice MiFi of Wu Jian (D:9)
  6 anacondas
  5 two-headed ogres
  4 centaur warriors
  2 death knights
  2 tengu warriors
  9 death yaks (Lair:6)
  3 orc high priests (Orc:2)
  Urug (D:13)
  A shock serpent (Snake:2)
  5 naga sharpshooters
  A salamander mystic (Snake:1)
  A deep troll (D:15)
  3 skeletal warriors
  3 bog bodies (Lair:4)
  Pikel (D:5)
  5 orc knights
  A naga ritualist (Snake:3)
  2 deep elf pyromancers
  5 harpies (D:14)
  A deep elf zephyrmancer (Bailey)
  2 necromancers (D:15)
  4 mana vipers
  9 ugly things
  5 oklob plants
  A faun (shapeshifter) (D:14)
  7 manticores
  8 cyclopes
  5 orc sorcerers
  4 salamanders
  A guardian serpent (Snake:3)
  An eye of devastation (Lair:6)
  20 black mambas
  2 naga magi
  11 cane toads
  A torpor snail (Lair:2)
  2 ice statues (IceCv)
  5 unseen horrors
  A gargoyle (D:13)
  7 kobold demonologists
  An unseen horror (shapeshifter) (D:13)
  6 ice devils (IceCv)
  6 komodo dragons
  5 yaktaurs (D:15)
  3 tengu conjurers
  An efreet (D:13)
  2 anaconda simulacra (IceCv)
  2 rime drakes
  12 trolls
  A polar bear (Lair:4)
  A hornet (D:9)
  15 slime creatures
  12 dream sheep
  Prince Ribbit (D:7)
  A snapping turtle (shapeshifter) (D:15)
  17 blink frogs
  A jumping spider (Orc:1)
  Sigmund (D:5)
  A vampire (D:11)
  A shadow (D:8)
  3 wraiths
  A centaur simulacrum (D:12)
  A fire elemental (D:15)
  A dire elephant simulacrum (IceCv)
  43 yaks
  6 wyverns
  5 basilisks
  Grum (D:9)
  2 humans (D:13)
  A steam dragon (D:9)
  3 hogs (D:13)
  8 vampire mosquitoes
  22 nagas
  2 harpy simulacra (D:15)
  A swamp worm (Lair:4)
  3 wargs
  5 hell hounds (D:15)
  A floating eye (Lair:6)
  16 water moccasins
  38 orc warriors
  2 black bears
  3 ice beasts
  3 necrophages
  A sky beast (D:6)
  8 ogres
  5 boggarts (D:15)
  18 wolves
  8 centaurs
  A lemure (D:5)
  A kobold brigand (D:10)
  12 bullfrogs
  2 gnoll sergeants
  2 cane toad simulacra (IceCv)
  5 two-headed ogre simulacra (IceCv)
  2 scorpions
  A wyvern skeleton (D:7)
  9 killer bees
  14 wights
  4 electric eels
  2 howler monkeys
  8 centaur zombies
  6 jellies (D:6)
  2 hounds
  21 orc priests
  A centaur skeleton (D:7)
  A bullfrog skeleton (D:4)
  23 orc wizards
  Ijyb (D:5)
  Terence (D:3)
  3 iguanas
  3 polar bear simulacra (IceCv)
  A troll simulacrum (IceCv)
  A spriggan simulacrum (IceCv)
  A killer bee zombie (D:7)
  A wolf simulacrum (IceCv)
  A hound zombie (D:5)
  A hound skeleton (D:5)
  2 howler monkey zombies (D:8)
  9 gnolls
  3 adders
  A naga simulacrum (IceCv)
  A shadow imp (D:5)
  17 white imps
  5 ufetubi
  An adder skeleton (D:4)
  3 worms
  4 dart slugs
  97 orcs
  14 endoplasms
  2 giant cockroaches (D:1)
  12 goblins
  8 hobgoblins
  17 kobolds
  4 quokkas
  9 ball pythons
  4 bats
  4 frilled lizards
  4 rats
852 creatures vanquished.

Vanquished Creatures (others)
  A salamander (Snake:3)
  An orc wizard (Orc:2)
  18 fungi
  49 plants
69 creatures vanquished.

Grand Total: 921 creatures vanquished

Notes
Turn   | Place    | Note
-------+----------+-------------------------------------------
     0 | D:1      | mdonais the Formicid Ice Elementalist began the quest for
                  | the Orb.
     0 | D:1      | Reached XP level 1. HP: 13/13 MP: 3/3
    86 | D:1      | Reached skill level 1 in Fighting
   312 | D:1      | Reached XP level 2. HP: 21/21 MP: 3/5
   460 | D:1      | Reached skill level 2 in Fighting
   795 | D:1      | Reached XP level 3. HP: 28/28 MP: 4/6
   799 | D:1      | Learned a level 3 spell: Frozen Ramparts
  1100 | D:2      | Reached skill level 3 in Fighting
  1217 | D:2      | Noticed a necrophage
  1396 | D:2      | Found a faded altar of an unknown god.
  1476 | D:2      | Identified the +10 whip "Ihowkaushu" {venom, rPois SInv}
  1519 | D:2      | Identified the +0 helmet of Gozag's Approval {Regen+ rCorr
                  | Str+2}
  1660 | D:2      | Found a basalt altar of Yredelemnul.
  1680 | D:2      | Reached XP level 4. HP: 34/35 MP: 7/7
  2150 | D:3      | Reached skill level 1 in Armour
  2160 | D:3      | Reached skill level 1 in Maces & Flails
  2251 | D:3      | Noticed Terence
  2267 | D:3      | Killed Terence
  2372 | D:3      | Reached XP level 5. HP: 42/42 MP: 8/8
  2470 | D:3      | You fall into a shaft and drop 1 floor!
  2662 | D:4      | Reached skill level 4 in Fighting
  3236 | D:4      | Noticed a necrophage
  3245 | D:4      | Killed a necrophage
  3246 | D:4      | Reached XP level 6. HP: 37/48 MP: 9/9
  3578 | D:4      | Reached XP level 7. HP: 49/54 MP: 10/10
  3839 | D:5      | Entered Level 5 of the Dungeon
  3933 | D:5      | Noticed Sigmund
  3939 | D:5      | Killed Sigmund
  3940 | D:5      | Reached skill level 5 in Fighting
  3940 | D:5      | Reached skill level 5 in Maces & Flails
  4050 | D:5      | Noticed Pikel
  4075 | D:5      | Killed Pikel
  4076 | D:5      | Reached skill level 7 in Fighting
  4076 | D:5      | Reached XP level 8. HP: 33/67 MP: 11/11
  4505 | D:5      | Noticed Ijyb
  4510 | D:5      | Killed Ijyb
  4560 | D:5      | Identified the +1 robe "Sur Xule" {Dex+2}
  4673 | D:5      | Identified the +0 ring mail "Kuquivo" {rF+ Will+}
  4979 | D:6      | Reached skill level 5 in Armour
  4979 | D:6      | Reached XP level 9. HP: 39/72 MP: 12/12
  5526 | D:6      | Reached skill level 8 in Fighting
  5697 | D:6      | Reached skill level 9 in Fighting
  5772 | D:6      | Noticed an oklob plant
  6245 | D:6      | Found an ornate altar of the Wu Jian Council.
  6457 | D:7      | Noticed Maggie
  6467 | D:7      | Noticed Maggie
  6467 | D:7      | Maggie changed into Maggie the ice beast
  6474 | D:7      | Killed Maggie the ice beast
  6475 | D:7      | Reached skill level 1 in Evocations
  6605 | D:7      | Noticed Prince Ribbit
  6622 | D:7      | Killed Prince Ribbit
  6646 | D:7      | Found Pol Naxt's Jewellery Boutique.
  7128 | D:7      | Reached XP level 10. HP: 83/83 MP: 13/13
  7168 | D:7      | Found a staircase to the Ecumenical Temple.
  7179 | Temple   | Entered the Ecumenical Temple
  7540 | Temple   | Became a worshipper of Uskayaw the Reveller
  7587 | D:7      | Reached * piety under Uskayaw
  7743 | D:7      | Reached ** piety under Uskayaw
  7749 | D:7      | Reached skill level 10 in Fighting
  7852 | D:7      | Reached *** piety under Uskayaw
  8054 | D:8      | Reached skill level 1 in Invocations
  8081 | D:8      | Found Rufaz's Neck Hole.
  8239 | D:8      | Found a flagged portal.
  8346 | Bailey   | Entered a bailey
  8628 | Bailey   | Reached skill level 5 in Invocations
  8967 | Bailey   | Noticed an orc knight
  8980 | Bailey   | Killed an orc knight
  9312 | Bailey   | Found a large runed translucent door.
  9312 | Bailey   | Found a large runed translucent door.
  9313 | Bailey   | Noticed a deep elf zephyrmancer
  9351 | Bailey   | Killed a deep elf zephyrmancer
  9352 | Bailey   | Reached skill level 11 in Fighting
  9352 | Bailey   | Reached XP level 11. HP: 69/93 MP: 15/15
  9359 | Bailey   | Identified the +2 pair of boots "Atyxaur" {Fly Int+3}
  9379 | Bailey   | Identified the +0 scale mail of Grace {Harm *Slow Will+
                  | Str+5}
  9599 | D:8      | Noticed a death knight
  9599 | D:8      | Noticed a centaur warrior
  9895 | D:8      | Reached **** piety under Uskayaw
  9898 | D:8      | Reached ***** piety under Uskayaw
 10044 | D:8      | Found a large runed translucent door.
 10045 | D:8      | Found a large runed translucent door.
 10216 | D:8      | Killed a centaur warrior
 11048 | D:8      | Killed a death knight
 11504 | D:9      | Noticed Grum
 11625 | D:9      | Killed Grum
 11626 | D:9      | Reached skill level 12 in Fighting
 11705 | D:9      | Identified the +5 flail of the Spheres {distort, Dex+4}
 11728 | D:9      | Found a runed translucent door.
 11730 | D:9      | Noticed Rykito's ghost (novice MiFi)
 11730 | D:9      | Noticed a boulder beetle
 11830 | D:9      | Found a staircase to the Lair.
 12089 | D:9      | Found a bloodstained altar of Trog.
 12230 | D:9      | Found an opulent altar of Gozag.
 12928 | D:6      | Killed an oklob plant
 13015 | D:10     | Entered Level 10 of the Dungeon
 13043 | D:10     | Found a radiant altar of Vehumet.
 13075 | D:10     | Noticed a two-headed ogre
 13085 | D:10     | Killed a two-headed ogre
 13086 | D:10     | Reached XP level 12. HP: 82/102 MP: 12/17
 13101 | D:10     | Reached skill level 5 in Evocations
 13768 | D:10     | Found a hazy altar of Hepliaklqana.
 13768 | D:10     | Found a basalt altar of Yredelemnul.
 13776 | D:10     | Found a sparkling altar of Nemelex Xobeh.
 13778 | D:10     | Found an ancient bone altar of Kikubaaqudgha.
 13780 | D:10     | Found a faded altar of an unknown god.
 13921 | D:10     | Reached skill level 10 in Maces & Flails
 14390 | D:11     | Reached skill level 13 in Fighting
 14859 | D:11     | Noticed a centaur warrior
 14873 | D:11     | Killed a centaur warrior
 15185 | D:7      | Bought the ring "Eheul" {AC+4 Str+4 Stlth-} for 550 gold
                  | pieces
 15247 | Lair:1   | Entered Level 1 of the Lair of Beasts
 15282 | D:9      | Reached ****** piety under Uskayaw
 15341 | Lair:1   | Identified the +1 shortbow of Fortitude {venom, rN+++ Str+7
                  | Int-5}
 15521 | Lair:1   | Reached XP level 13. HP: 111/111 MP: 20/20
 15529 | Lair:1   | Reached skill level 10 in Invocations
 16104 | Lair:2   | Noticed a five-headed hydra
 16116 | Lair:2   | Killed a five-headed hydra
 16315 | Lair:2   | Noticed an eight-headed hydra
 16325 | Lair:2   | Killed an eight-headed hydra
 16358 | Lair:2   | Noticed a catoblepas
 16409 | Lair:2   | Killed a catoblepas
 16482 | Lair:2   | Noticed an eight-headed hydra
 16498 | Lair:2   | Killed an eight-headed hydra
 16503 | Lair:2   | Reached skill level 10 in Armour
 17503 | Lair:3   | Found a staircase to the Snake Pit.
 18103 | Lair:4   | Found a frozen archway.
 18114 | IceCv    | Entered an ice cave
 18347 | IceCv    | Reached XP level 14. HP: 119/119 MP: 22/22
 18722 | IceCv    | Reached skill level 14 in Fighting
 18855 | IceCv    | Noticed a reaper
 18870 | IceCv    | Killed a reaper
 19296 | Lair:4   | Noticed Snorg
 19336 | Lair:4   | HP: 5/121 [Snorg (11)]
 19338 | Lair:4   | Killed Snorg
 19719 | Lair:4   | Reached skill level 15 in Fighting
 19745 | Lair:4   | Found a staircase to the Swamp.
 20346 | Lair:5   | Identified the +1 leather armour of Theory {rN+}
 20348 | Lair:5   | Identified the +8 shortbow "Oprunk" {speed, rC+ Int+3}
 20932 | Lair:5   | Identified the +7 long sword of Gulluusm {pain, *Slow MP+9
                  | Int+3}
 21392 | Lair:6   | Entered Level 6 of the Lair of Beasts
 21544 | Lair:6   | Found a staircase to the Slime Pits.
 21755 | Lair:6   | Reached XP level 15. HP: 99/130 MP: 24/24
 22349 | Lair:6   | Reached skill level 16 in Fighting
 23282 | D:12     | Noticed Rupert
 23283 | D:12     | Killed Rupert
 23429 | D:12     | Found a staircase to the Orcish Mines.
 24173 | D:12     | Identified the +3 dagger "Xeps" {spect, *Noise Str+4 Dex+7
                  | Stlth+}
 24176 | D:12     | Identified the +6 dagger of Dugime {vorpal, Will+}
 24190 | D:12     | Identified the +7 scimitar of Ycigh {freeze, rElec rC-
                  | rCorr}
 24403 | D:12     | Found a staircase to the Orcish Mines.
 24757 | Orc:1    | Entered Level 1 of the Orcish Mines
 24915 | Orc:1    | Found Alyru's Antique Armour Boutique.
 25020 | Orc:1    | Reached XP level 16. HP: 128/139 MP: 25/25
 25156 | Orc:2    | Entered Level 2 of the Orcish Mines
 25321 | Orc:2    | Found a staircase to the Elven Halls.
 25765 | Orc:2    | Reached skill level 15 in Armour
 25887 | Orc:2    | Found Rem Vaoqe's Antique Armour Boutique.
 25887 | Orc:2    | Found Ilafann's Magic Scroll Shoppe.
 25908 | Orc:2    | Found Lilikur's General Store.
 25908 | Orc:2    | Found Kannoc's Antique Weapon Boutique.
 26365 | Orc:2    | Reached skill level 1 in Axes
 26393 | Orc:1    | Noticed Harold
 26394 | Orc:1    | Noticed Harold
 26394 | Orc:1    | Harold changed into Harold the jumping spider
 26399 | Orc:1    | Killed Harold the jumping spider
 26692 | D:7      | Bought the amulet "Gojisam" {Regen+ Dex+3} for 476 gold
                  | pieces
 26822 | D:13     | Noticed Kirke
 26827 | D:13     | Noticed a sphinx
 26840 | D:13     | Killed Kirke
 26867 | D:13     | Noticed Urug
 26876 | D:13     | Killed Urug
 27078 | D:13     | Reached skill level 1 in Shields
 27107 | D:13     | Found a gate to the Vaults.
 27176 | D:13     | Reached skill level 5 in Shields
 27324 | D:13     | Noticed Erolcha
 27766 | D:13     | Noticed Erolcha
 27766 | D:13     | Erolcha changed into Erolcha the troll
 27774 | D:13     | Killed Erolcha the troll
 28622 | D:14     | Identified 2 scrolls of acquirement
 28622 | D:14     | Acquired the ring "Biesulle" {rF+ rC+ Str+6}
 28822 | D:14     | Reached skill level 10 in Shields
 28961 | D:14     | Found Pobiupea's Weapon Shoppe.
 29082 | D:15     | Entered Level 15 of the Dungeon
 29143 | D:15     | Reached XP level 17. HP: 140/145 MP: 26/26
 29457 | D:15     | Found a hide-covered altar of Uskayaw.
 29464 | D:15     | Found Maxuofiv's Jewellery Boutique.
 29759 | D:15     | Found a staircase to the Depths.
 29923 | D:15     | Noticed Azrael
 29939 | D:15     | Killed Azrael
 29987 | D:15     | Identified the amulet "Osmu" {Faith rF+}
 30162 | D:9      | Killed Rykito's ghost
 30251 | D:8      | Found a glowing golden altar of the Shining One.
 30260 | D:8      | Found a shimmering blue altar of Sif Muna.
 30479 | Orc:2    | Bought the ring "Uduod" {rPois rCorr Int+3} for 412 gold
                  | pieces
 30703 | Snake:1  | Entered Level 1 of the Snake Pit
 30862 | Snake:1  | Noticed Jorgrun
 30878 | Snake:1  | Killed Jorgrun
 31832 | Snake:2  | Found a snail-covered altar of Cheibriados.
 32371 | Snake:2  | Found Xagahynk's Book Boutique.
 32371 | Snake:2  | Found Meaqieni's Jewellery Emporium.
 32373 | Snake:2  | Found Benon's Jewellery Emporium.
 33004 | Snake:2  | Bought the ring "Wyuzxek" {rElec rF+ rC+ rN+ Str+4} for 820
                  | gold pieces
 33424 | Snake:3  | Noticed Agnes
 33429 | Snake:3  | Killed Agnes
 33433 | Snake:3  | Reached skill level 5 in Axes
 33606 | Snake:3  | HP: 6/145 [salamander (5)]
 33606 | Snake:3  | Slain by a naga warrior

Illustrated notes

Levels and vault maps discovered:
D:1:      giann_wishing_wells, layout_loops_cross
D:2:      layout_loops_cross, ebering_ecumenical_altar_mist, basic_altar
D:3:      layout_rooms, uniq_terence
D:4:      layout_gridville
D:5:      layout_basic, uniq_ijyb, uniq_sigmund, uniq_pikel
D:6:      lemuel_slime, layout_rooms, nzn_wu_jian_council_hall,
          eino_small_chamber_without_monster, water_maze_lemuel
D:7:      layout_loops_corners, minmay_temple_entry_gardened_gates,
          serial_shops, nicolae_shop_crystal, uniq_prince_ribbit1, uniq_maggie
D:8:      minmay_curly_fans, layout_loops_ring, jmf_multi_god_temple2,
          enter_bailey_3, nicolae_shop_sticking_my_neck_out
D:9:      layout_irregular_city, grunt_gozag_statues, bloody_trog,
          dpeg_oklobed_lair, ebering_ghost_inner_flame,
          hellmonk_bongcloud_opening, uniq_grum
D:10:     layout_basic, chequers_temple_overflow_minitemple,
          mainiacjoe_overflow_tiny_flanked, hangedman_decor_lopped,
          minmay_misc_feat_chi
D:11:     layout_basic, special_room [special_room_orc]
D:12:     layout_rooms, erik_orc_4, palyth_stone_intersect, minmay_the_grid_2x2
          [minmay_the_grid_spin_star, minmay_the_grid_minigrid_large,
          minmay_the_grid_gridbox, minmay_the_grid_prize_inner_circle],
          uniq_rupert
D:13:     layout_stronghold, lightli_vaults_fourway_checkpoint, uniq_urug,
          uniq_erolcha, uniq_kirke
D:14:     layout_gridville, serial_park_square3 [serial_park_minivault_5x5_7],
          serial_shops, nicolae_square_shop, skrybe_limestone_x, hex_large
D:15:     hangedman_depths_entry_civil_slaughter, layout_long_grid,
          nicolae_uskayaw_dance_hall, serial_shops, shop, uniq_azrael
Temple:   minmay_temple_forest_path
Lair:1:   layout_loops_ring
Lair:2:   layout_roguey
Lair:3:   layout_roguey, minmay_snake_entry_guardpost_medium,
          small_statue_intersection, chequers_serial_rivers_micro_e
Lair:4:   layout_regular_city, nicolae_swamp_entry_splash_gauntlet,
          portal_ice_cave_entry_imps, minmay_lair_oklob_bushes,
          infiniplex_staircase_pool_2, uniq_snorg
Lair:5:   minmay_lair_oklob_tunnel, layout_cave_pods, hibernation_bobbens,
          serial_bayou_shore_b, grunt_megastairs_4
Lair:6:   evilmike_catoblepas_cave, layout_long_grid, minmay_slime_entry_eyes,
          columned_hall_lemuel, serial_bayou_shore_a
Snake:1:  layout_grid_maze, uniq_jorgrun
Snake:2:  layout_gridlike, basic_altar, grunt_megastairs_2, lemuel_fruit_tree,
          minmay_shop_grove
Snake:3:  layout_layer_cave, grunt_megastairs_5, uniq_agnes
Orc:1:    layout_caves, basic_altar, serial_shops, shop, rock_pile, uniq_harold
Orc:2:    grunt_orc_tribal_feast, layout_diamond_mine

Skill      XL: |  1  2  3  4  5  6  7  8  9 10 11 12 13 14 15 16 17 |
---------------+----------------------------------------------------+-----
Fighting       | 1 2 3 4 7 9 11 12 13 15 16 | 16.4
Armour         | 1 3 5 6 10 12 14 15 | 15.0
Maces & Flails | 1 4 6 7 8 9 11 12 | 12.9
Evocations     | 3 4 6 7 8 |  8.0
Invocations    | 6 9 11 12 14 | 14.0
Throwing       | 4 |  4.0
Dodging        | 3 4 |  4.0
Axes           | 3 5 |  5.8
Shields        | 10 14 | 14.0
Short Blades   | |  0.1
Stealth        | |  2.4
Spellcasting   | |  2.1
Ice Magic      | |  4.0

Action                   |  1- 3 |  4- 6 |  7- 9 | 10-12 | 13-15 | 16-18 || total
-------------------------+-------+-------+-------+-------+-------+-------++-------
Melee: Whip              |    11 |    87 |   134 |   729 |  1523 |   491 ||  2975
       Dagger            |     6 |       |       |       |       |       ||     6
       Punch             |       |     2 |     1 |    24 |    30 |    13 ||    70
       Great mace        |       |       |       |       |       |   716 ||   716
 Fire: Hunting sling     |       |    48 |   102 |    35 |       |       ||   185
       Shortbow          |       |       |       |     7 |   182 |       ||   189
Throw: Javelin           |     4 |     6 |     1 |     9 |    14 |     6 ||    40
       Dart              |       |       |       |     4 |       |     1 ||     5
       Stone             |       |       |       |     1 |       |       ||     1
       Boomerang         |       |       |       |       |       |    17 ||    17
 Cast: Freeze            |    37 |       |       |       |       |       ||    37
Invok: Line Pass         |       |       |       |     2 |     2 |     2 ||     6
       Grand Finale      |       |       |       |       |     2 |     1 ||     3
       Stomp             |       |       |       |       |       |     1 ||     1
 Abil: Dig               |       |       |       |     1 |     1 |       ||     2
Evoke: Wand              |       |       |     2 |     1 |     7 |     5 ||    15
       Phial of floods   |       |       |       |       |       |     1 ||     1
  Use: Scroll            |       |       |     6 |     6 |    13 |     6 ||    31
       Potion            |       |       |       |     6 |     1 |     1 ||     8
 Stab: Sleeping          |     2 |       |       |       |       |       ||     2
       Paralysed         |       |       |       |    22 |   105 |    82 ||   209
       Invisible         |       |       |       |     1 |       |       ||     1
       Confused          |       |       |       |     1 |       |       ||     1
       Petrified         |       |       |       |       |     1 |       ||     1
Armor: Leather armour    |     8 |       |       |       |       |       ||     8
       Ring mail         |     1 |     9 |       |       |       |       ||    10
       Scale mail        |       |    20 |     8 |       |       |       ||    28
       Chain mail        |       |       |    47 |    78 |       |       ||   125
       Plate armour      |       |       |       |   335 |   406 |       ||   741
       Crystal plate arm |       |       |       |       |   424 |   850 ||  1274
       Ice dragon scales |       |       |       |       |     3 |       ||     3
Dodge: Dodged            |    14 |    36 |    46 |   186 |   277 |   180 ||   739
Block: Tower shield      |       |       |       |       |       |   730 ||   730
